 Dungeon Crawl Stone Soup version 0.28.0-45-g0d030f2227 (console) character file.

Game seed: 1492625465633053937

20009 Banquo the Thaumaturge (level 13, -4/93 HPs)
             Began as a Djinni Cinder Acolyte on Apr 4, 2022.
             Was a High Priest of Ignis.
             Slain by a komodo dragon (22 damage)
             ... on level 3 of the Lair of Beasts.
             The game lasted 01:06:57 (16978 turns).

Banquo the Thaumaturge (Djinni Cinder Acolyte)     Turns: 16978, Time: 01:06:58

Health: -4/93      AC:  5    Str: 13    XL:     13   Next: 9%
Gold:   714        EV: 12    Int: 27    God:    Ignis [*****.] SH:  8 Dex:  9

rFire   + + +      SeeInvis .   a - +2 short sword (venom)
rCold   . . .      Faith    .   i - +0 kite shield
rNeg    . . .      Spirit   .   d - +1 robe {rC+ rF+}
rPois   ∞          Reflect  .   (no helmet)
rElec   .          Harm     .   e - +0 cloak
rCorr   .          Rampage  .   g - +0 pair of gloves
Will    +....                   (boots unavailable)
Stlth   +.........              (no amulet)
HPRegen 0.25/turn               K - +4 ring of slaying
MPRegen 0.00/turn               I - +6 ring of intelligence

@: flying
A: sickness immunity, fire resistance 2, cold vulnerability 1, float, innate
caster, HP casting, extra vitality 1
a: Renounce Religion, Fiery Armour, Foxfire Swarm, Rising Flame


You were on level 3 of the Lair of Beasts.
You worshipped Ignis.
Ignis was extremely pleased with you.
You visited 2 branches of the dungeon, and saw 11 of its levels.
You also visited: Ossuary.

You collected 714 gold pieces.

Inventory:

Hand Weapons
 a - a +2 short sword of venom (weapon)
 b - a +1 vorpal trident
 h - a +2 whip of freezing
 p - a +0 falchion of protection
 s - a +2 dagger of speed
 v - a +0 long sword of holy wrath
 Q - a +1 scimitar of flaming
Missiles
 f - 26 poisoned darts
 k - 299 stones
 m - 4 curare-tipped darts
 P - 3 boomerangs
Armour
 d - a +1 robe of resistance (worn)
 e - a +0 cloak (worn)
 g - a +0 pair of gloves (worn)
 i - a +0 kite shield (worn)
Magical Staves
 C - a staff of cold
Jewellery
 o - a ring of fire
 I - a +6 ring of intelligence (right hand)
 K - a +4 ring of slaying (left hand)
Wands
 w - a wand of mindburst (20)
 y - a wand of iceblast (14)
 z - a wand of flame (16)
 F - a wand of paralysis (5)
Scrolls
 c - a scroll of acquirement
 n - 4 scrolls of fear
 q - a scroll of blinking
 t - a scroll of enchant weapon
 u - a scroll of fog
 A - a scroll of enchant armour {unknown}
 B - 2 scrolls of teleportation
 D - a scroll of silence
Potions
 j - a potion of resistance
 l - 5 potions of curing
 r - 3 potions of mutation {unknown}
 x - 4 potions of heal wounds
 G - 2 potions of haste
 H - a potion of degeneration {unknown}
 J - a potion of lignification {unknown}
 L - a potion of flight {unknown}
 M - a potion of berserk rage
 N - a potion of might {unknown}
 O - a potion of ambrosia


   Skills:
 * Level 8.3 Fighting
 + Level 3.3 Short Blades
 * Level 8.0 Dodging
 * Level 5.5 Shields
 + Level 13.2 Spellcasting


You had 17 spell levels left.
You knew the following spells:

 Your Spells              Type           Power      Damage    Failure   Level
a - Sandblast             Erth           100%       2d20      1%          1
b - Passwall              Tmut/Erth      61%        N/A       1%          2
c - Lesser Beckoning      Tloc           74%        N/A       1%          3
f - Summon Forest         Summ/Tloc      37%        N/A       1%          5
m - Manifold Assault      Tloc           74%        N/A       1%          5
y - Scorch                Fire           100%       2d10      1%          2
z - Stone Arrow           Conj/Erth      100%       3d13      1%          3
Your spell library was empty.

Dungeon Overview and Level Annotations

Branches:
Dungeon (8/15)             Temple (0/1) D:6            Lair (3/6) D:8
Ossuary (visited)
  Swamp: Lair:2-4    Shoals: Lair:2-4     Snake: Lair:2-4    Spider: Lair:2-4

Altars:
Elyvilon

Annotations:
D:3 1 runed translucent door, Crazy Yiuf


Innate Abilities, Weirdness & Mutations

You are immune to sickness and miasma.
You are immune to poison.
Your flesh is very heat resistant. (rF++)
You are vulnerable to cold. (rC-)
You float through the air rather than walking.
You learn spells naturally, not from books.
Your magical power is your life essence.
You have superior vitality. (+4 MHP)


Message History

The blink frog blinks! x2
Casting: Scorch (safe; 1% risk of failure)
Press: ? - help, Q - select action, (/) - cycle Dir - look around, f - activate Flames lash the blink frog.
The blink frog is burned terribly!
The blink frog is heavily wounded.
The blink frog hits you.
* * * LOW HITPOINT WARNING * * *
The blink frog blinks! x2
Unknown command.
Casting: Scorch (safe; 1% risk of failure)
Press: ? - help, Q - select action, (/) - cycle Dir - look around, f - activate Flames lash the komodo dragon.
The komodo dragon is moderately wounded.
The komodo dragon's fire resistance burns away.
* * * LOW HITPOINT WARNING * * *
An iguana comes into view.
Casting: Scorch (safe; 1% risk of failure)
Press: ? - help, Q - select action, (/) - cycle Dir - look around, f - activate Flames lash the blink frog.
The blink frog is burned terribly!
You kill the blink frog!
The iguana hisses angrily.
* * * LOW HITPOINT WARNING * * *
The blink frog is no longer more vulnerable to fire.
Casting: Scorch (safe; 1% risk of failure)
Press: ? - help, Q - select action, (/) - cycle Dir - look around, f - activate
Okay, then.
Unknown command.
Press: ? - help, v - describe, . - travel, g - get item
Here: a komodo dragon (moderately wounded, more vulnerable to fire) Item here: a blink frog corpse.
The floor.
Unknown command.
Unknown command.
Casting: Scorch (safe; 1% risk of failure)
Press: ? - help, Q - select action, (/) - cycle Dir - look around, f - activate Flames lash the komodo dragon.
The komodo dragon is burned terribly!
The komodo dragon is moderately wounded.
* * * LOW HITPOINT WARNING * * *
The komodo dragon bites you!!
You die...

#.###.#..####
#..F........
#....>...#
#§.F##
#...##l.# #.
##..# #.F##
##l# #@# #.#
#.## # ##..#
..##
#..#####...#
#P.##..P...#
##.........#
#.........##
#....P#...P#


You could see a komodo dragon (combustible), 2 blink frogs and an iguana.

Vanquished Creatures
  2 hydras
  Erica (D:8)
  Pikel (D:4)
  An elephant (D:8)
  2 black mambas
  4 cane toads
  4 komodo dragons
  A hornet (Lair:2)
  Grinder (D:5)
  9 blink frogs
  Sigmund (D:3)
  A spriggan (Lair:2)
  9 yaks
  2 wyverns
  3 basilisks
  A steam dragon (D:4)
  12 water moccasins
  An orc warrior (D:6)
  An ice beast (D:7)
  2 sky beasts
  2 black bears
  33 wolves
  4 ogres
  3 phantoms
  3 centaurs
  A lemure (D:4)
  A kobold brigand (D:8)
  An elf zombie (Ossuary)
  8 bullfrogs
  A gnoll sergeant (D:7)
  2 scorpions
  A wyvern skeleton (D:7)
  2 electric eels (Lair:1)
  A vampire bat (D:6)
  2 human zombies (Ossuary)
  2 centaur zombies
  4 hounds
  A jelly (D:5)
  A centaur skeleton (D:6)
  8 orc priests
  A bullfrog skeleton (D:6)
  An iguana (D:5)
  Jessica (D:3)
  Ijyb (D:4)
  5 orc wizards
  3 hell rats (Lair:3)
  2 killer bee zombies
  A hound zombie (Ossuary)
  4 mummies (Ossuary)
  3 adders
  3 gnolls (D:7)
  A shadow imp (D:5)
  A white imp (D:4)
  2 adder zombies (Ossuary)
  2 worms
  A dart slug (D:1)
  30 orcs
  14 bats
  9 endoplasms
  A giant cockroach (D:3)
  6 goblins
  8 hobgoblins
  6 kobolds
  4 quokkas
  4 ball pythons
  A frilled lizard (D:3)
  A goblin zombie (Ossuary)
  A hobgoblin zombie (Ossuary)
  A jackal zombie (Ossuary)
  2 kobold zombies (Ossuary)
  A rat (D:3)
  A rat zombie (Ossuary)
262 creatures vanquished.

Vanquished Creatures (collateral kills)
  7 blink frogs
  4 yaks
  A vampire (D:8)
  A wyvern (D:8)
  A basilisk (D:8)
  4 wolves (Lair:2)
  A bullfrog (Lair:2)
  3 hell rats (Lair:3)
22 creatures vanquished.

Vanquished Creatures (others)
  A quokka (D:4)
  23 fungi
  33 plants
  A snaplasher vine (Lair:1)
58 creatures vanquished.

Grand Total: 342 creatures vanquished

Notes
Turn   | Place    | Note
-------+----------+-------------------------------------------
     0 | D:1      | Banquo the Djinni Cinder Acolyte began the quest for the
                  | Orb.
     0 | D:1      | Reached XP level 1. HP: 20/20 MP: 0/0
   581 | D:1      | Reached XP level 2. HP: 23/25 MP: 0/0
  1493 | D:2      | Reached XP level 3. HP: 25/30 MP: 0/0
  1493 | D:2      | Learned a level 1 spell: Sandblast
  1799 | D:2      | Reached skill level 1 in Dodging
  2051 | D:2      | Reached skill level 3 in Spellcasting
  2051 | D:2      | Reached XP level 4. HP: 29/37 MP: 0/0
  2418 | D:2      | Reached XP level 5. HP: 35/41 MP: 0/0
  2418 | D:2      | Learned a level 2 spell: Passwall
  3156 | D:3      | Noticed Sigmund
  3347 | D:3      | Noticed a bullfrog
  3353 | D:3      | Killed a bullfrog
  3354 | D:3      | Reached skill level 4 in Spellcasting
  3354 | D:3      | Reached XP level 6. HP: 36/47 MP: 0/0
  3492 | D:3      | Noticed Jessica
  3499 | D:3      | Killed Jessica
  3822 | D:3      | Killed Sigmund
  3823 | D:3      | Reached XP level 7. HP: 25/52 MP: 0/0
  3823 | D:3      | Learned a level 3 spell: Lesser Beckoning
  4144 | D:3      | Found a runed translucent door.
  4145 | D:3      | Noticed Crazy Yiuf
  4314 | D:4      | Noticed Pikel
  4324 | D:4      | Killed Pikel
  4325 | D:4      | Reached skill level 6 in Spellcasting
  4325 | D:4      | Reached XP level 8. HP: 34/58 MP: 0/0
  4483 | D:4      | Found a white marble altar of Elyvilon.
  4827 | D:4      | Noticed Ijyb
  4879 | D:4      | Killed Ijyb
  5359 | D:5      | Entered Level 5 of the Dungeon
  5662 | D:5      | Reached skill level 7 in Spellcasting
  5802 | D:5      | Reached XP level 9. HP: 57/63 MP: 0/0
  5802 | D:5      | Learned a level 3 spell: Stone Arrow
  6043 | D:5      | Noticed Grinder
  6054 | D:5      | Killed Grinder
  6189 | D:5      | Reached skill level 8 in Spellcasting
  6191 | D:5      | Reached skill level 5 in Fighting
  6556 | D:6      | Found a sand-covered staircase.
  6862 | Ossuary  | Entered an ossuary
  7920 | D:6      | Found a staircase to the Ecumenical Temple.
  8103 | D:6      | Reached skill level 9 in Spellcasting
  8298 | D:6      | Reached XP level 10. HP: 47/70 MP: 0/0
  9768 | D:7      | Reached skill level 10 in Spellcasting
 10412 | D:8      | Reached skill level 1 in Shields
 10724 | D:8      | Noticed Erica
 10727 | D:8      | Paralysed by Erica for 2 turns
 10731 | D:8      | Killed Erica
 10732 | D:8      | Reached skill level 5 in Dodging
 10993 | D:8      | Noticed an elephant
 11016 | D:8      | Killed an elephant
 11017 | D:8      | Reached XP level 11. HP: 64/76 MP: 0/0
 11017 | D:8      | Learned a level 5 spell: Summon Forest
 11817 | D:8      | Reached skill level 11 in Spellcasting
 11956 | D:8      | Found a staircase to the Lair.
 12170 | Lair:1   | Entered Level 1 of the Lair of Beasts
 12501 | Lair:1   | Identified a scroll of acquirement
 12926 | Lair:1   | Noticed a seven-headed hydra
 13271 | Lair:1   | Killed a seven-headed hydra
 13676 | Lair:2   | Reached skill level 12 in Spellcasting
 13676 | Lair:2   | Reached XP level 12. HP: 74/85 MP: 0/0
 13967 | Lair:2   | Noticed a seven-headed hydra
 13977 | Lair:2   | Killed a seven-headed hydra
 15351 | Lair:2   | Reached skill level 5 in Shields
 15679 | Lair:2   | Reached skill level 13 in Spellcasting
 15941 | Lair:2   | Noticed a spriggan rider
 16107 | Lair:2   | Reached XP level 13. HP: 88/92 MP: 0/0
 16107 | Lair:2   | Learned a level 5 spell: Manifold Assault
 16978 | Lair:3   | Slain by a komodo dragon

Illustrated notes

Levels and vault maps discovered:
D:1:      nicolae_arrival_somewhat_less_tricky_arrival, layout_basic
D:2:      cheibrodos_pilgrimage, layout_loops_corners, serial_glass,
          glass_columns_a, glass_columns_c
D:3:      layout_rooms, uniq_jessica, uniq_crazy_yiuf_cottage, uniq_sigmund
D:4:      layout_cave_pools, elyvilon_altar_4, uniq_ijyb, uniq_pikel
D:5:      layout_basic, uniq_grinder
D:6:      layout_cave_pools, minmay_temple_entry_stoned_glass, serial_park,
          serial_park_square2, serial_park_tiny_1, serial_park_square2,
          serial_park_square1 [serial_park_minivault_5x5_2], enter_ossuary_1,
          minivault_23, nrook_mini_vaults, roderic_batcave,
          kennysheep_another_room, minivault_4, grunt_ministairs_10
D:7:      layout_basic, chequers_arboretum, minmay_misc_feat_rows
D:8:      layout_loops_ring, david_lair_generic, uniq_erica
Lair:1:   layout_big_grid, serial_bayou_ford_a, beast_lair_carwin_4,
          serial_bayou_shore_a, infiniplex_staircase_pool_2, grunt_megastairs_2
Lair:2:   layout_misc_corridors, chequers_serial_rivers_small_3,
          grunt_forest_large_clearings
Lair:3:   layout_long_grid, minmay_swamp_entry_reptiles,
          nicolae_volcano_entry_vermiform

Skill      XL: |  1  2  3  4  5  6  7  8  9 10 11 12 13 |
---------------+----------------------------------------+-----
Short Blades   | 3 |  3.3
Dodging        | 1 2 3 4 5 6 7 8 |  8.0
Spellcasting   | 3 4 6 7 9 10 12 13 | 13.2
Fighting       | 4 5 6 7 8 |  8.3
Shields        | 2 3 5 |  5.5

Action                   |  1- 3 |  4- 6 |  7- 9 | 10-12 | 13-15 || total
-------------------------+-------+-------+-------+-------+-------++-------
Melee: Short sword       |    28 |       |       |    29 |    11 ||    68
 Cast: Scorch            |    22 |    52 |   133 |   151 |    25 ||   383
       Stone Arrow       |       |       |    21 |   118 |     4 ||   143
       Sandblast         |       |       |       |     7 |       ||     7
       Summon Forest     |       |       |       |     9 |     1 ||    10
       Manifold Assault  |       |       |       |       |     5 ||     5
  Use: Scroll            |       |       |    11 |    10 |       ||    21
Armor: Robe              |     3 |     3 |    14 |    23 |     2 ||    45
Dodge: Dodged            |    21 |    12 |    37 |    69 |     9 ||   148
Block: Kite shield       |       |       |       |    27 |     2 ||    29
